 Dungeon Crawl Stone Soup version 0.29.1-4-g47bece8355 (webtiles) character file.

Game seed: 7707188064027405152

11 Eitelfritz the Slasher (level 2, 0/25 HPs)
             Began as a Minotaur Gladiator on Dec 9, 2022.
             Slain by a ball python (2 damage)
             ... on level 1 of the Dungeon.
             The game lasted 00:00:38 (111 turns).

Eitelfritz the Slasher (Minotaur Gladiator)          Turns: 111, Time: 00:00:38

Health: 0/25       AC:  3    Str: 18    XL:     2   Next: 17%
Magic:  1/1        EV:  9    Int:  5    God:
Gold:   4          SH:  0    Dex: 11    Spells: 1/1 levels left

rFire   . . .      SeeInvis .   a - +0 long sword
rCold   . . .      Faith    .   (no shield)
rNeg    . . .      Spirit   .   b - +0 leather armour
rPois   .          Reflect  .   c - +0 hat
rElec   .          Harm     .   (no cloak)
rCorr   .          Rampage  .   (no gloves)
Will    .....                   (no boots)
Stlth   +.........              (no amulet)
HPRegen 0.08/turn               (no ring)
MPRegen 0.07/turn               (no ring)

@: constricted
A: horns 2, retaliatory headbutt
a: no special abilities


You were on level 1 of the Dungeon.
You visited 1 branch of the dungeon, and saw 1 of its levels.

You collected 4 gold pieces.

Inventory:

Hand Weapons
 a - a +0 long sword (weapon)
Missiles
 d - 3 throwing nets (quivered)
 e - a javelin
 f - 3 stones
Armour
 b - a +0 leather armour (worn)
 c - a +0 hat (worn)
Scrolls
 g - a scroll of immolation {unknown}
 h - a scroll of poison {unknown}


   Skills:
 + Level 2.5 Fighting
 + Level 4.0 Long Blades
 + Level 2.0 Throwing
 + Level 0.1 Armour
 + Level 3.6 Dodging


You had one spell level left.
You didn't know any spells.
Your spell library was empty.

Dungeon Overview and Level Annotations

Branches:
Dungeon (1/15)

Altars:


Innate Abilities, Weirdness & Mutations

You have a pair of horns on your head.
You reflexively headbutt those who attack you in melee.


Message History

You hit the jackal but do no damage.
The jackal is severely wounded.
The jackal bites you.
* * * LOW HITPOINT WARNING * * *
The jackal barely misses you. The ball python closely misses you.
The ball python barely misses you. The jackal closely misses you.
You furiously retaliate!
You headbutt the jackal.
The jackal bites you but does no damage.
The jackal closely misses you. The ball python misses you.
The ball python grabs you. The ball python constricts you.
You escape the ball python's grasp.
The jackal attacks as you move away! The jackal bites you.
* * * LOW HITPOINT WARNING * * *
The jackal attacks as you move away! The jackal bites you.
* * * LOW HITPOINT WARNING * * *
The jackal closely misses you.
The jackal bites you but does no damage.
The jackal closely misses you. The jackal attacks as you move away!
The jackal bites you but does no damage. x2
You completely miss the jackal. Your headbutt misses the jackal.
The jackal is almost dead.
The jackal bites you but does no damage.
The jackal bites you.
* * * LOW HITPOINT WARNING * * *
You hit the jackal.
You kill the jackal!
The jackal barely misses you. x2; You furiously retaliate!
You headbutt the jackal.
You kill the jackal!
You have reached level 2!
You hit the jackal.
You kill the jackal!
The ball python closely misses you. The ball python grabs you.
The ball python constricts you.
Your Long Blades skill increases to level 4!
You hit the ball python.
The ball python is moderately wounded.
The ball python bites you.
You die...

..........
.........#
#....$...#
.........# ..##
#........# ##....
#....>...# #...##
#........# ##....
.###
#......).###...#.##
...#
#(.......S@#.#.#..#
##..
##########†....##.#
#... #..#..##.# #...
###.##^....# ##...
#...##..##.#####....
#.####.###..........
#...##.# #..|..##.#.
###....###....###...
###..........#....


You could see a ball python.

Vanquished Creatures
  3 ball pythons (D:1)
  A hobgoblin (D:1)
  4 jackals (D:1)
  A kobold (D:1)
  A rat (D:1)
10 creatures vanquished.

Notes
Turn   | Place    | Note
-------+----------+-------------------------------------------
     0 | D:1      | Eitelfritz the Minotaur Gladiator began the quest for the
                  | Orb.
     0 | D:1      | Reached XP level 1. HP: 18/18 MP: 0/0
   110 | D:1      | Reached XP level 2. HP: 2/25 MP: 1/1
   111 | D:1      | Reached skill level 4 in Long Blades
   111 | D:1      | Slain by a ball python

Illustrated notes

Levels and vault maps discovered:
D:1:      dpeg_arrival_tiny_g, layout_rooms, hangedman_decor_lopped

Skill      XL: |  1  2 |
---------------+-------+-----
Long Blades    | 4 |  4.0
Fighting       | |  2.5
Throwing       | |  2.0
Armour         | |  0.1
Dodging        | |  3.6

Action                   || total
-------------------------++-------
Melee: Long sword        ||    16
       Headbutt          ||     1
Armor: Leather armour    ||    10
Dodge: Dodged            ||    27
